 Dungeon Crawl Stone Soup version 0.25-a0-528-g6b7c99946c (webtiles) character file.

Game seed: 11178662526509222712, levelgen mode: deterministic

37 LennartNight the Firebug (level 3, 26/26 HPs)
             Began as a Draconian Fire Elementalist on Feb 19, 2020.
             Quit the game on level 2 of the Dungeon on Dec 16, 2020.
             The game lasted 00:16:08 (1821 turns).

LennartNight the Firebug (DrFE)                     Turns: 1821, Time: 00:16:09

Health: 26/26      AC:  5    Str: 10    XL:     3   Next: 23%
Magic:  6/6        EV: 12    Int: 16    God:
Gold:   65         SH:  0    Dex: 11    Spells: 5/6 levels left

rFire    . . .     SeeInvis .   h - +2 dagger (speed)
rCold    . . .     Gourm    .   (no shield)
rNeg     . . .     Faith    .   (armour unavailable)
rPois    .         Spirit   .   (helmet restricted)
rElec    .         Reflect  .   (no cloak)
rCorr    .         Harm     .   (no gloves)
MR       .....                  (no boots)
Stlth    ++........             (no amulet)
HPRegen  0.08/turn              (no ring)
MPRegen  0.10/turn              (no ring)

@: no status effects
A: unfitting armour, cold-blooded, AC +5
a: no special abilities


You were on level 2 of the Dungeon.
You were not hungry.

You visited 1 branch of the dungeon, and saw 2 of its levels.

You collected 65 gold pieces.

Inventory:

Hand Weapons
 c - a +0 dagger
 h - a +2 dagger of speed (weapon)
Missiles
 e - 2 atropa-tipped darts (quivered)
Scrolls
 a - a scroll of amnesia {unknown}
 f - a scroll of teleportation {unknown}
 g - a scroll of identify {unknown}
 k - a scroll of magic mapping {unknown}
Potions
 d - a potion of degeneration {unknown}
 i - 2 potions of might {unknown}
Comestibles
 b - 2 rations


   Skills:
 + Level 0.3 Short Blades
 - Level 1.7 Dodging
 - Level 1.7 Stealth
 + Level 2.3 Spellcasting
 - Level 1.0 Conjurations
 + Level 4.0 Fire Magic


You had 5 spell levels left.
You knew the following spells:

 Your Spells              Type           Power        Failure   Level  Hunger
a - Foxfire               Conj/Fire      ##..         7%          1    #......

Your spell library contained the following spells:

 Spells                   Type           Power        Failure   Level  Hunger
 Conjure Flame            Conj/Fire      ##......     22%         3    ###....
 Inner Flame              Hex/Fire       #.......     26%         3    ###....
 Sticky Flame             Conj/Fire      ##......     56%         4    #####..
 Fireball                 Conj/Fire      ##........   89%         5    ######.


Dungeon Overview and Level Annotations

Branches:
Dungeon (2/15)

Altars:


Innate Abilities, Weirdness & Mutations

Your plain brown scales are hard. (AC +5)
You cannot fit into any form of body armour.
You are cold-blooded and may be slowed by cold attacks.


Message History

Magic restored.
i - 2 lumpy orange potions (gained 1)
A bat comes into view.
Found a dagger.
Casting: Foxfire (safe; 7% risk of failure)
Confirm with . or Enter, or press ? or * to list all spells.
You conjure some foxfire!
The bat hits you but does no damage.
The foxfire hits the bat.
You kill the bat!
You start resting.
Magic restored.
Unknown command.
Save game and exit?
Okay, then.
Save game and exit?
Welcome back, LennartNight the Draconian Fire Elementalist.
Press ? for a list of commands and other information.
Unknown command.
Unknown command.
Are you sure you want to abandon this character and quit the game? (Confirm with "yes".)

. #.... #. #.... # #.###
.oo## #.#.... ...# )....
########)##.#### ...
........<§......
#†#######.####.#...
#..............#
##.@#####.######.
#..##....# ....#
##.##.^..###v...###
#..#............. . ##
#..#........##..# .. # #.
............##..# ...#.#.
###.....######..#
.$..#.####.###.######..##
......).................


There were no monsters in sight!

Vanquished Creatures
  2 oozes (D:1)
  A dart slug (D:1)
  A leopard gecko (D:1)
  An orc (D:2)
  2 giant cockroaches
  A goblin (D:1)
  4 hobgoblins
  4 bats
  2 frilled lizards
  5 kobolds
  4 rats
27 creatures vanquished.

Vanquished Creatures (others)
  65 foxfires
65 creatures vanquished.

Grand Total: 92 creatures vanquished

Notes
Turn   | Place    | Note
-------+----------+-------------------------------------------
     0 | D:1      | LennartNight the Draconian Fire Elementalist began the
                  | quest for the Orb.
     0 | D:1      | Reached XP level 1. HP: 14/14 MP: 3/3
   187 | D:1      | Reached XP level 2. HP: 3/20 MP: 0/5
  1276 | D:1      | Reached skill level 4 in Fire Magic
  1276 | D:1      | Reached XP level 3. HP: 6/26 MP: 2/6
  1821 | D:2      | Quit the game

Levels and vault maps discovered:
D:1:      scummos_arrival_forest, layout_loops_ring, minmay_tromino_i4
D:2:      layout_basic

Skill      XL: |  1  2 |
---------------+-------+-----
Fire Magic     | 4 |  4.0
Short Blades   | |  0.3
Dodging        | |  1.7
Stealth        | |  1.7
Spellcasting   | |  2.3
Conjurations   | |  1.0

Action                   || total
-------------------------++-------
Melee: Dagger            ||    35
       Tailslap          ||     6
       Unarmed           ||     3
 Cast: Foxfire           ||    51
  Eat: Chunk             ||     4
Armor: Skin              ||    21
Dodge: Dodged            ||    46

Table legend:
 A = Non-vault XP
 B = Vault XP
 C = Vault XP percentage of total XP
 D = Non-vault monster count
 E = Vault monster count
 F = Vault count percentage of total count
                 A         B        C        D         E       F
            +---------+---------+-------+---------+---------+-------
      Total |      48 |       6 |  11.1 |      23 |       4 |  14.8
            +---------+---------+-------+---------+---------+-------
        D:1 |      33 |       6 |  15.4 |      13 |       4 |  23.5
        D:2 |      15 |       0 |   0.0 |      10 |       0 |   0.0
            +---------+---------+-------+---------+---------+-------
